 Dungeon Crawl Stone Soup version 0.30-a0-6-g7c9e10e132 (webtiles) character file.

Game seed: 13043429783293396494

354 Sobieck the Digger (level 6, -10/28 HPs)
             Began as a Spriggan Earth Elementalist on Aug 22, 2022.
             Mangled by an ogre
             ... wielding a +0 giant spiked club
              (38 damage)
             ... on level 5 of the Dungeon.
             The game lasted 00:06:52 (4773 turns).

Sobieck the Digger (Spriggan Earth Elementalist)    Turns: 4773, Time: 00:06:52

Health: -10/28     AC:  2    Str:  4    XL:     6   Next: 35%
Magic:  9/11       EV: 17    Int: 19    God:
Gold:   134        SH:  0    Dex: 15    Spells: 7/11 levels left

rFire   . . .      SeeInvis +    k - +0 dagger {short}
rCold   . . .      Faith    .    (no shield)
rNeg    . . .      Spirit   .    a - +0 robe
rPois   .          Reflect  .    (helmet restricted)
rElec   .          Harm     .    (no cloak)
rCorr   .          Rampage  .    (gloves unavailable)
Will    +....                    (boots unavailable)
Stlth   ++........               B - amulet of regeneration {@e2}
HPRegen 0.89/turn                (no ring)
MPRegen 0.12/turn                (no ring)

@: very quick
A: very small, no large weapons, unfitting armour, see invisible, speed 3
a: no special abilities


You were on level 5 of the Dungeon.
You visited 1 branch of the dungeon, and saw 5 of its levels.

You collected 134 gold pieces.


Innate Abilities, Weirdness & Mutations

You are very small and have problems with some larger weapons.
You are too small for most types of armour.
You have supernaturally acute eyesight. (SInv)
You cover ground extremely quickly. (Speed+++)


   Skills:
 - Level 3.0 Dodging
 - Level 3.0 Stealth
 - Level 3.0 Spellcasting
 - Level 2.0 Transmutations
 + Level 6.3 Earth Magic


You had 7 spell levels left.
You knew the following spells:

 Your Spells              Type           Power      Damage    Failure   Level
a - Sandblast             Erth           54%        2d13      1%          1
b - Stone Arrow           Conj/Erth      28%        3d8       12%         3

Your spell library contained the following spells:

 Spells                   Type           Power      Damage    Failure   Level
 Passwall                 Tmut/Erth      15%        N/A       4%          2
 Petrify                  Tmut/Erth      18%        N/A       26%         4
 Ozocubu's Armour         Ice            2%         N/A       41%         3
 Metabolic Englaciation   Hex/Ice        1%         N/A       99%         5
 Simulacrum               Ice/Necr       1%         N/A       100%        6

Inventory:

Hand Weapons
 g - a +1 whip of draining {mace}
   (You found it on level 1 of the Dungeon)
 i - a +0 hand axe {axe}
   (You found it on level 1 of the Dungeon)
 k - a +0 dagger (weapon) {short}
   (You took it off a goblin on level 1 of the Dungeon)
Missiles
 j - 9 poisoned darts {throwing}
 t - 31 stones {throwing}
Armour
 a - a +0 robe (worn)
 p - a +0 cloak
   (You found it on level 2 of the Dungeon)
 u - a +0 robe
   (You took it off an orc wizard on level 3 of the Dungeon)
 v - a +0 animal skin
   (You took it off Robin on level 3 of the Dungeon)
Jewellery
 B - an amulet of regeneration (around neck) {@e2}
   (You found it on level 4 of the Dungeon)
Scrolls
 c - 5 scrolls of noise {!r}
 n - 2 scrolls of teleportation {@r4}
 q - 2 scrolls of poison {unknown}
 s - a scroll of butterflies {unknown}
 w - a scroll of magic mapping {unknown}
 y - 4 scrolls of blinking {unknown}
 A - 2 scrolls of immolation {unknown}
Potions
 b - a potion of magic
 d - 2 potions of flight
 e - 3 potions of heal wounds {@q2}
 f - 3 potions of resistance
 h - 2 potions of might
 l - a potion of attraction {!q}
 r - 4 potions of curing {@q1}
 x - a potion of lignification {!q}
 z - a potion of mutation {unknown}

Dungeon Overview and Level Annotations

Branches:
Dungeon (5/15) Zot: 26352
 Temple: D:4-7

Altars:
Qazlal

Shops:
D:4 *

Annotations:
D:3 3 runed translucent doors, drugrobin's ghost, weakling DgDe; haplo13's ghost, amateur DsFi

#. ....## #.
..... . #.#
....#
..###..
..$.#
#......
....# #....
....#
##.#..#....#
#....O@#
......#..#
....# ....#
.## ####...
##.. ....
### ..


You could see an ogre.


Message History

You open the door.
There is an open door here.
You open the door.
There is an open door here.
There is an open door here.
There is an open door here.
You see here a +0 dagger {short}.
m - 6 scrolls labelled UTAAMOWNOE (gained 1)
Found an escape hatch in the floor.
Unknown command.
You now have 134 gold pieces (gained 13).
There is an escape hatch in the floor here.
You see here a +0 flail {mace}.
You see here a +0 dagger {short}.
You see here an adder skeleton.
Done exploring.
Done exploring.
(D) Dungeon
Where to? (Enter - D:4, ? - help)
There is a stone staircase leading down here.
You climb downwards.
There is a stone staircase leading up here.
Unknown command.
Unknown command.
A hound comes into view.
Danger!
The hound barks!
The blast of sand hits the hound!
The blast of sand hits the hound!
You kill the hound!
You can't see any susceptible monsters within range! (Use Z to cast anyway.) Unknown command.
Unknown command.
There is a stone staircase leading up here.
As you read the scroll labelled VODYUFF EPRA, it crumbles to dust.
You hear a loud clanging noise!
It was a scroll of noise.
You hear a shout! x5; You hear a bark!
You hear a shout!
As you read the scroll labelled UTAAMOWNOE, it crumbles to dust.
It is a scroll of identify.
d - 2 potions of flight
As you read the scroll of identify {@r1}, it crumbles to dust.
e - 3 potions of heal wounds
As you read the scroll of identify {@r1}, it crumbles to dust.
f - 3 potions of resistance
As you read the scroll of identify {@r1}, it crumbles to dust.
h - 2 potions of might
As you read the scroll of identify {@r1}, it crumbles to dust.
l - a potion of attraction
As you read the scroll of identify {@r1}, it crumbles to dust.
x - a potion of lignification
As you read the scroll labelled MACLEN KAGAPRO, it crumbles to dust.
You feel strangely unstable.
It was a scroll of teleportation.
You climb upwards.
Your surroundings suddenly seem different.
Unknown command.
You start waiting.
Done waiting.
There is a stone staircase leading down here.
You climb downwards.
There is a stone staircase leading up here.
Unknown command.
Unknown command.
As you read the scroll labelled VISCHE INLOHIRPH, it crumbles to dust.
A profound silence engulfs you.
It was a scroll of silence.
Okay, then.
Unknown command.
You climb upwards.
There is a stone staircase leading down here.
Unknown command.
Unknown command.
You start waiting.
Your hearing returns.
Unknown command.
You climb downwards.
An ogre comes into view. It is wielding a +0 giant spiked club.
There is a stone staircase leading up here.
Danger!
Unknown command.
Unknown command.
Unknown command.
You can't see any susceptible monsters within range! (Use Z to cast anyway.) Unknown command.
Unknown command.
What are your orders? t - Shout!
Orders for allies: a - Attack new target. r - Retreat! s - Stop attacking. g - Guard the area. f - Follow me.
Anything else - Cancel.
You shout for attention!
The ogre shouts!
You hear a shout!
You can't see any susceptible monsters within range! (Use Z to cast anyway.) Unknown command.
Unknown command.
The blast of sand misses the ogre.
The blast of sand hits the ogre!
The ogre hits you with a +0 giant spiked club!!!
Ouch! That really hurt!
You die...

Skill      XL: |  1  2  3  4  5 |
---------------+----------------+-----
Dodging        | 3 |  3.0
Spellcasting   | 3 |  3.0
Transmutations | 2 |  2.0
Earth Magic    | 3 4 5 6 |  6.3
Stealth        | |  3.0

Action                   |  1- 3 |  4- 6 || total
-------------------------+-------+-------++-------
 Cast: Sandblast         |    30 |    90 ||   120
  Use: Scroll            |       |     9 ||     9
Armor: Robe              |     2 |     2 ||     4
Dodge: Dodged            |    13 |    27 ||    40

Levels and vault maps discovered:
D:1:      noname_arrival_rooms_in_the_neighbourhood, layout_rooms,
          hellmonk_ecumenical_altar_heavens_door
D:2:      layout_loops_ring
D:3:      layout_basic, overflow_temple_1_default, gammafunk_ghost_cemetery,
          roderic_roman_lattice, minivault_23, uniq_robin
D:4:      layout_loops_ring, amcnicky_mini_pool_small, nicolae_elemental_shop,
          kennysheep_generic_room_10
D:5:      layout_rooms, serial_shops, nicolae_shop_hallway_stairs,
          shop_fountains, shop, nicolae_shop_stone, shop

Notes
Turn   | Place    | Note
-------+----------+-------------------------------------------
     0 | D:1      | Sobieck the Spriggan Earth Elementalist began the quest for
                  | the Orb.
     0 | D:1      | Reached XP level 1. HP: 9/9 MP: 5/5
    64 | D:1      | Found a faded altar of an unknown god.
   250 | D:1      | Reached skill level 3 in Dodging
   251 | D:1      | Reached XP level 2. HP: 13/13 MP: 1/6
   618 | D:2      | Reached skill level 3 in Spellcasting
   618 | D:2      | Reached skill level 2 in Transmutations
   618 | D:2      | Reached skill level 3 in Earth Magic
   772 | D:2      | Reached XP level 3. HP: 16/16 MP: 5/8
   778 | D:2      | Reached skill level 4 in Earth Magic
   977 | D:2      | Reached XP level 4. HP: 9/21 MP: 3/9
  1173 | D:2      | Learned a level 3 spell: Stone Arrow
  2069 | D:3      | Found a stormy altar of Qazlal.
  2088 | D:3      | Found a runed translucent gate.
  2089 | D:3      | Found a runed translucent gate.
  2089 | D:3      | Found a runed translucent gate.
  2091 | D:3      | Noticed drugrobin's ghost (weakling DgDe)
  2091 | D:3      | Noticed haplo13's ghost (amateur DsFi)
  2187 | D:3      | Noticed Robin
  2348 | D:3      | Killed Robin
  2349 | D:3      | Reached skill level 5 in Earth Magic
  2349 | D:3      | Reached XP level 5. HP: 19/24 MP: 2/10
  2928 | D:3      | You pick up a book of Winter and begin reading...
  2928 | D:3      | You add the spells Ozocubu's Armour, Metabolic Englaciation
                  | and Simulacrum to your library.
  3931 | D:4      | Found Lycwob's Elemental Accessories.
  4386 | D:4      | Noticed a phantom
  4389 | D:4      | Killed a phantom
  4390 | D:4      | Reached skill level 6 in Earth Magic
  4390 | D:4      | Reached XP level 6. HP: 28/28 MP: 7/11
  4601 | D:5      | Entered Level 5 of the Dungeon
  4773 | D:5      | Mangled by an ogre

Vanquished Creatures
  A phantom (D:4)
  A jelly (D:4)
  A hound (D:5)
  An iguana (D:4)
  An orc wizard (D:3)
  Robin (D:3)
  4 gnolls (D:2)
  5 adders
  2 worms
  3 dart slugs
  8 orcs
  3 endoplasms
  A giant cockroach (D:2)
  14 goblins
  5 hobgoblins
  A quokka (D:2)
  4 ball pythons
  3 bats (D:2)
  A frilled lizard (D:2)
  2 kobolds (D:3)
  3 rats
65 creatures vanquished.

Vanquished Creatures (others)
  6 withered plants (D:3)
6 creatures vanquished.

Grand Total: 71 creatures vanquished

Table legend:
 A = Non-vault XP
 B = Vault XP
 C = Vault XP percentage of total XP
 D = Non-vault monster count
 E = Vault monster count
 F = Vault count percentage of total count
                 A         B        C        D         E       F
            +---------+---------+-------+---------+---------+-------
      Total |     475 |      32 |   6.3 |      54 |      11 |  16.9
            +---------+---------+-------+---------+---------+-------
        D:1 |      13 |       0 |   0.0 |       6 |       0 |   0.0
        D:2 |     108 |       0 |   0.0 |      19 |       0 |   0.0
        D:3 |      72 |      32 |  30.8 |      12 |      11 |  47.8
        D:4 |     242 |       0 |   0.0 |      16 |       0 |   0.0
        D:5 |      40 |       0 |   0.0 |       1 |       0 |   0.0
            +---------+---------+-------+---------+---------+-------

Illustrated notes

Table legend:
 A = Kills in this place as a percentage of kills in entire the game.
 B = Kills by you in this place as a percentage of kills by you in the entire game.
 C = Kills by friends in this place as a percentage of kills by friends in the entire game.
 D = Other kills in this place as a percentage of other kills in the entire game.
 E = Experience gained in this place as a percentage of experience gained in the entire game.
 F = Experience gained in this place divided by the number of levels of this place that you have seen.
                   A       B       C       D       E      F
               +-------+-------+-------+-------+-------+----------------------
         Total | 100.0 | 100.0 |   N/A |   N/A | 100.0 | 101.4
       Dungeon | 100.0 | 100.0 |   N/A |   N/A | 100.0 | 101.4
               +-------+-------+-------+-------+-------+----------------------

Table legend: (Time is in decaauts)
 A = Elapsed time spent in this place.
 B = Non-inter-level travel time spent in this place.
 C = Inter-level travel time spent in this place.
 D = Time resting spent in this place.
 E = Time spent auto-exploring this place.
 F = Levels seen in this place.
 G = Mean time per level.
                   A        B        C        D        E       F      G
               +--------+--------+--------+--------+--------+-----+--------+
         Total |   3646 |   3584 |     62 |    553 |   2646 |   5 |  729.2 |
       Dungeon |   3646 |   3584 |     62 |    553 |   2646 |   5 |  729.2 |
               +--------+--------+--------+--------+--------+-----+--------+

Top non-repeatable levels by time:
     D:3: 1182 daAuts
     D:4: 997 daAuts
     D:2: 970 daAuts
     D:1: 467 daAuts
     D:5: 29 daAuts
